 Dungeon Crawl Stone Soup version 0.28.0 (webtiles) character file.

Game seed: 16032708684075884817

94 willcat the Bolt Thrower (level 4, -5/37 HPs)
             Began as a Deep Dwarf Arcane Marksman on Feb 4, 2022.
             Slain by an orc warrior (11 damage)
             ... on level 3 of the Dungeon.
             The game lasted 00:07:25 (3034 turns).

willcat the Bolt Thrower (DDAM)                     Turns: 3034, Time: 00:07:25

Health: -5/37      AC:  5    Str: 15    XL:     4   Next: 38%
Magic:  5/5        EV: 11    Int: 14    God:
Gold:   53         SH:  0    Dex: 13    Spells: 1/5 levels left

rFire   . . .      SeeInvis .   b - +0 whip
rCold   . . .      Faith    .   (no shield)
rNeg    . . .      Spirit   .   q - +0 ring mail
rPois   .          Reflect  .   (no helmet)
rElec   .          Harm     .   (no cloak)
rCorr   .          Rampage  .   (no gloves)
Will    .....                   (no boots)
Stlth   +.........              (no amulet)
HPRegen 0.00/turn               (no ring)
MPRegen 0.09/turn               (no ring)

@: no status effects
A: damage resistance, heal wounds, sense surroundings 1, no regeneration
a: Heal Wounds


You were on level 3 of the Dungeon.
You visited 1 branch of the dungeon, and saw 4 of its levels.

You collected 103 gold pieces.
You spent 50 gold pieces at shops.

Inventory:

Hand Weapons
 a - a +0 hand crossbow
 b - a +0 whip (weapon)
Missiles
 c - 3 bolts
 p - 4 boomerangs of dispersal (quivered)
Armour
 k - a +0 leather armour
 q - a +0 ring mail (worn)
Scrolls
 e - 2 scrolls of amnesia {unknown}
 f - 4 scrolls of blinking
 h - a scroll of teleportation {unknown}
 i - a scroll of brand weapon {unknown}
 j - a scroll of fog {unknown}
 l - 2 scrolls of identify {unknown}
 n - a scroll of immolation {unknown}
 r - a scroll of silence {unknown}
Potions
 d - a potion of curing
 o - a potion of flight


   Skills:
 - Level 0.8 Fighting
 - Level 0.7 Maces & Flails
 + Level 3.7 Crossbows
 + Level 2.1 Armour
 + Level 3.1 Dodging
 - Level 0.3 Stealth
 + Level 1.0 Spellcasting
 - Level 2.4 Hexes
 + Level 0.0 Necromancy


You had one spell level left.
You knew the following spells:

 Your Spells              Type           Power      Damage    Failure   Level
a - Slow                  Hex            28%        N/A       19%         1
b - Vampiric Draining     Necr           0%         2d6       83%         3

Your spell library contained the following spells:

 Spells                   Type           Power      Damage    Failure   Level
 Animate Skeleton         Necr           0%         N/A       45%         1
 Pain                     Necr           0%         1d4       45%         1
 Inner Flame              Hex/Fire       4%         N/A       67%         3
 Portal Projectile        Hex/Tloc       8%         N/A       67%         3
 Cause Fear               Hex            3%         N/A       88%         4


Dungeon Overview and Level Annotations

Branches:
Dungeon (4/15)
 Temple: D:4-7

Altars:
Ashenzari
Cheibriados

Shops:
D:1 !

Annotations:
D:4 Ijyb


Innate Abilities, Weirdness & Mutations

You are resistant to damage.
You can heal yourself by infusing magical energy.
You passively map a small area around you.
You do not regenerate.


Message History

Fire: 3 bolts
Press: ? - help, Q - select action, (/) - cycle Shift-Dir - straight line, f - worm
Aim: a worm (79% to hit)
You shoot a bolt. The bolt barely misses the worm.
Unknown command.
Fire: 2 bolts
Press: ? - help, Q - select action, (/) - cycle Shift-Dir - straight line, f/p - worm
Aim: a worm (79% to hit)
You shoot a bolt. The bolt hits the worm!
The worm is heavily wounded.
Unknown command.
Fire: bolt
Press: ? - help, Q - select action, (/) - cycle Shift-Dir - straight line, f/p - worm
Aim: a worm (heavily wounded, 79% to hit)
You shoot a bolt. The bolt hits the worm.
The worm is heavily wounded.
Unknown command.
b - a +0 whip (weapon)
The worm bites you. The worm misses you.
You see here a bolt.
c - a bolt You see here a bolt.
c - 2 bolts (gained 1)
The orc warrior shouts!
You hear a shout! x2
You see here a bolt.
c - 3 bolts (gained 1)
The orc warrior closely misses you.
The orc warrior hits you with a +0 halberd.
An orc priest comes into view. It is wielding a +0 club.
The orc warrior closely misses you.
The orc warrior drinks a potion.
The orc warrior goes berserk!
The orc warrior hits you from afar with a +0 halberd.
An orc comes into view. It is wielding a +0 mace.
The orc warrior hits you from afar with a +0 halberd!!
Ouch! That really hurt!
* * * LOW HITPOINT WARNING * * *
The orc warrior closely misses you.
The orc warrior hits you with a +0 halberd!
You die...

##.## #....# #.# #.#.### #######
#.# #########...... #.....# ##.#
#...........†..
#.###.###..########.#########.###
#.# #............#...w..wo.##.#
#.###.###...........######.##.#
#.....# #.......)...##........#
###.### #))#####@#.###.###.####
#.# #..# #.o..w.o....# #.# #..#
#...###.###.###### #.# #..# #...#
#..........w #)#
#..#####...###..##)###### #†#
#..................# #)#
##.........### ###.# #w#
#.######..#######.# #.# #.#
#..........#


You could see an orc warrior (berserk), 2 worms and an orc.

Vanquished Creatures
  An adder (D:3)
  A worm (D:2)
  4 dart slugs
  5 orcs (D:3)
  4 ball pythons
  9 bats
  7 endoplasms
  A giant cockroach (D:1)
  4 goblins
  7 hobgoblins
  2 jackals (D:2)
  3 kobolds
  5 quokkas
  3 frilled lizards
  6 rats
62 creatures vanquished.

Notes
Turn   | Place    | Note
-------+----------+-------------------------------------------
     0 | D:1      | willcat the Deep Dwarf Arcane Marksman began the quest for
                  | the Orb.
     0 | D:1      | Reached XP level 1. HP: 16/16 MP: 2/2
   148 | D:1      | Found Elemol's Distillery.
   192 | D:1      | Reached skill level 1 in Armour
   204 | D:1      | Reached XP level 2. HP: 16/24 MP: 3/3
   674 | D:1      | Reached XP level 3. HP: 18/30 MP: 4/4
   762 | D:1      | Found a faded altar of an unknown god.
  2240 | D:1      | Bought a potion of heal wounds for 50 gold pieces
  2536 | D:3      | Reached XP level 4. HP: 24/37 MP: 5/5
  2768 | D:3      | Noticed an orc warrior
  2802 | D:4      | Found a snail-covered altar of Cheibriados.
  2803 | D:4      | Found a broken altar of Ashenzari.
  2819 | D:4      | Noticed Ijyb
  2915 | D:4      | Noticed a scorpion
  2998 | D:3      | Learned a level 3 spell: Vampiric Draining
  3034 | D:3      | Slain by an orc warrior

Illustrated notes

Levels and vault maps discovered:
D:1:      shiori_shiawase, layout_basic, shapermc_ecumenical_altar_hornbeckon,
          serial_shops, shop
D:2:      layout_loops_corners
D:3:      layout_loops_ring
D:4:      layout_basic, mainiacjoe_overflow_alcove_2,
          chequers_temple_overflow_statue_of_worship, uniq_ijyb

Skill      XL: |  1  2  3  4 |
---------------+-------------+-----
Armour         | 1 2 |  2.1
Crossbows      | 3 |  3.7
Dodging        | 3 |  3.1
Fighting       | |  0.8
Maces & Flails | |  0.7
Stealth        | |  0.3
Spellcasting   | |  1.0
Hexes          | |  2.4

Action                   |  1- 3 |  4- 6 || total
-------------------------+-------+-------++-------
Melee: Whip              |   122 |    67 ||   189
       Punch             |     2 |     1 ||     3
 Fire: Hand crossbow     |    53 |    16 ||    69
  Use: Potion            |     2 |     3 ||     5
       Scroll            |       |     1 ||     1
Armor: Robe              |    15 |       ||    15
       Leather armour    |    16 |       ||    16
       Ring mail         |     7 |    31 ||    38
Dodge: Dodged            |    87 |    45 ||   132
